 Dungeon Crawl Stone Soup version 0.31.0-11-ge490571c62 (webtiles) character file.

Game seed: 16566476803135665616

1017 qw the Skirmisher (level 8, 0/44 HPs)
             Began as a Deep Elf Hunter on Feb 4, 2024.
             Was an Initiate of Okawaru.
             Incinerated by a bombardier beetle (5 damage)
             ... with a burning spray
             ... on level 6 of the Dungeon.
             The game lasted 00:00:18 (3792 turns).

qw the Skirmisher (Deep Elf Hunter)                 Turns: 3792, Time: 00:00:18

Health: 0/44       AC:  7    Str: 10    XL:     8   Next: 1%
Magic:  10/10      EV: 13    Int: 15    God:    Okawaru [......]
Gold:   297        SH:  0    Dex: 24    Spells: 7/7 levels left

rFire   . . .        a - +1 shortbow
rCold   + . .        (shield currently unavailable)
rNeg    . . .        g - +0 ring mail
rPois   .            j - +0 helmet
rElec   .            (no cloak)
rCorr   .            (no gloves)
SInv    .            i - +0 pair of boots
Will    .....        (no amulet)
Stlth   +            h - +6 ring of dexterity
HPRegen 0.27/turn    c - ring of protection from cold
MPRegen 0.12/turn

%: no passive effects
@: on fire, glowing
A: no striking features
a: Renounce Religion


You were on level 6 of the Dungeon.
You worshipped Okawaru.
Okawaru was noncommittal.
You visited 2 branches of the dungeon, and saw 7 of its levels.

You collected 297 gold pieces.


   Skills:
 - Level 2.2 Fighting
 + Level 11.8 Ranged Weapons
 - Level 1.8 Armour
 - Level 4.2 Dodging
 - Level 1.2 Stealth


You had 7 spell levels left.
You didn't know any spells.
Your spell library was empty.

Inventory:

Hand Weapons
 a - a +1 shortbow (weapon)
Armour
 g - a +0 ring mail (worn)
 i - a +0 pair of boots (worn)
 j - a +0 helmet (worn)
Jewellery
 c - a ring of protection from cold (right hand)
 h - a +6 ring of dexterity (left hand)
 Y - a ring of resist corrosion
Wands
 b - a wand of polymorph (7)
Scrolls
 e - a scroll of enchant armour {unknown}
 l - 2 scrolls of teleportation
Potions
 d - 5 potions of curing
 f - 2 potions of might
 k - a potion of enlightenment
 n - a potion of heal wounds

Dungeon Overview and Level Annotations

Branches:
Dungeon (6/15)             Temple (1/1) D:5

Altars:
Ashenzari
Elyvilon
Gozag
Hepliaklqana
Kikubaaqudgha
Makhleb
Nemelex Xobeh
Okawaru
Qazlal
Ru
Sif Muna
Trog
Vehumet
Wu Jian
Xom
Yredelemnul
Zin
The Shining One

Shops:
D:5 =


Message History

You kill the iguana!
Okawaru accepts your kill.
Found 6 stones.
A bombardier beetle comes into view.
The bombardier beetle sprays incendiary fluid at you.
The burning spray misses you.
You shoot an arrow. The arrow hits the bombardier beetle!
The bombardier beetle is moderately wounded.
You shoot an arrow. The arrow hits the bombardier beetle!
The bombardier beetle is almost dead.
The bombardier beetle sprays incendiary fluid at you.
The burning spray hits you.
You are covered in liquid fire!
You shoot an arrow.
The arrow barely misses the bombardier beetle.
The liquid fire burns you!
You shoot an arrow. The arrow hits the bombardier beetle.
You kill the bombardier beetle!
Okawaru accepts your kill. The liquid fire burns you!
You have reached level 8!
You feel clever.
You are on fire!
The liquid fire burns you!
You are on fire!
The liquid fire burns you!
You are on fire!
The liquid fire burns you!
You are on fire!
The liquid fire burns you!
You are on fire!
The liquid fire burns you!
You are on fire!
The liquid fire burns you!
You are on fire!
The liquid fire burns you!
You are on fire!
The liquid fire burns you!
You are on fire!
The liquid fire burns you!
You die...

#.#.# #.#.#
#.#.#
###.#.#
#.#.#
#.....# ..#
#.#.#.# ###
######.#.#.#
#........###
#.####.#.#
#........#
#..###@#.#
.......(.#.#
.........# #
#######.#
... #.# #.#
#..


There were no monsters in sight!

Vanquished Creatures
  A black bear (D:5)
  An ice beast (D:5)
  3 ogres
  A phantom (D:4)
  Blork the orc (D:5)
  A scorpion (D:4)
  2 bombardier beetles
  A hound (D:6)
  An orc priest (D:3)
  An iguana (D:6)
  2 orc wizards
  7 adders
  A shadow imp (D:5)
  4 dart slugs
  3 ribbon worms
  17 orcs
  4 bats
  3 endoplasms
  3 giant cockroaches
  4 goblins
  7 hobgoblins
  3 jackals (D:2)
  4 quokkas
  6 ball pythons
  3 frilled lizards
  8 kobolds
  4 rats
96 creatures vanquished.

Notes
Turn   | Place    | Note
-------+----------+-------------------------------------------
     0 | D:1      | qw the Deep Elf Hunter began the quest for the Orb.
     0 | D:1      | Reached XP level 1. HP: 12/12 MP: 3/3
     0 | D:1      | 0 ||| qw: Version: 0.3-a-160-g6735b56
     0 | D:1      | 0 ||| qw: Game counter: 5139
     0 | D:1      | 0 ||| qw: Melee chars always use a shield: true
     0 | D:1      | 0 ||| qw: God list: Okawaru
     0 | D:1      | 0 ||| qw: Allow faded altars: false
     0 | D:1      | 0 ||| qw: Do Orc after clearing Dungeon:15 true
     0 | D:1      | 0 ||| qw: Do second Lair branch before Depths: true
     0 | D:1      | 0 ||| qw: Lair rune preference: random
     0 | D:1      | 0 ||| qw: Goals: Normal
     0 | D:1      | 0 ||| PLANNING D:1-11
   229 | D:1      | Reached XP level 2. HP: 16/16 MP: 4/4
   233 | D:1      | Reached skill level 6 in Ranged Weapons
   863 | D:1      | 863 ||| UPGRADING to +6 ring of dexterity.
   864 | D:1      | 864 ||| READING scroll labelled HOANTU ANOY.
   867 | D:1      | 867 ||| READING 3 scrolls labelled OLINA TOUMNOUTH.
   867 | D:1      | 867 ||| IDENTIFYING fizzy clear potion
   868 | D:1      | 868 ||| READING 2 scrolls of identify.
   868 | D:1      | 868 ||| IDENTIFYING pink potion
   869 | D:1      | 869 ||| READING scroll of identify.
   869 | D:1      | 869 ||| IDENTIFYING glowing silvery potion
   870 | D:1      | 870 ||| READING scroll labelled EKHLENK TIEZ.
   870 | D:1      | 870 ||| ENCHANTING +0 shortbow.
   871 | D:1      | 871 ||| DRINKING 4 lumpy sapphire potions.
   872 | D:1      | 872 ||| DROPPING scroll of butterflies.
   873 | D:1      | 873 ||| DROPPING potion of magic.
   874 | D:1      | 874 ||| DROPPING potion of ambrosia.
   992 | D:2      | HP: 3/16 [ribbon worm (8)]
   994 | D:2      | Reached XP level 3. HP: 4/20 MP: 5/5
  1076 | D:2      | Reached skill level 7 in Ranged Weapons
  1076 | D:2      | 1076 ||| FLEEEEING.
  1077 | D:2      | 1077 ||| FLEEEEING.
  1078 | D:2      | 1078 ||| FLEEEEING.
  1124 | D:2      | Reached skill level 3 in Dodging
  1156 | D:2      | Reached XP level 4. HP: 25/25 MP: 6/6
  1607 | D:2      | 1607 ||| UPGRADING to +0 helmet.
  1612 | D:2      | 1612 ||| UPGRADING to ring of resist corrosion.
  1613 | D:2      | 1613 ||| READING scroll labelled CUSMOH BOEXODE.
  1614 | D:2      | 1614 ||| READING scroll labelled WIVAJI WUVAUNNE.
  1615 | D:2      | 1615 ||| DRINKING 3 sedimented sapphire potions.
  1685 | D:3      | Found a stormy altar of Qazlal.
  1797 | D:3      | Reached skill level 8 in Ranged Weapons
  1797 | D:3      | Reached XP level 5. HP: 29/29 MP: 7/7
  2047 | D:3      | Found a shimmering blue altar of Sif Muna.
  2100 | D:3      | 2100 ||| UPGRADING to +0 ring mail.
  2110 | D:3      | 2110 ||| DROPPING +0 leather armour.
  2111 | D:3      | 2111 ||| DROPPING +6 ring of intelligence.
  2112 | D:3      | 2112 ||| READING 4 scrolls of identify.
  2112 | D:3      | 2112 ||| IDENTIFYING brown potion
  2113 | D:3      | 2113 ||| READING 3 scrolls of identify.
  2113 | D:3      | 2113 ||| IDENTIFYING 2 fuming cyan potions
  2114 | D:3      | 2114 ||| DROPPING 2 potions of brilliance.
  2264 | D:4      | Noticed an ogre
  2266 | D:4      | 2266 ||| RETREEEEATING.
  2279 | D:4      | Killed an ogre
  2280 | D:4      | Reached skill level 9 in Ranged Weapons
  2280 | D:4      | Reached XP level 6. HP: 34/34 MP: 8/8
  2434 | D:4      | Reached skill level 10 in Ranged Weapons
  2686 | D:4      | 2686 ||| UPGRADING to ring of protection from cold.
  2688 | D:4      | 2688 ||| READING 2 scrolls of identify.
  2688 | D:4      | 2688 ||| IDENTIFYING scroll labelled NUSUELIFALI
  2689 | D:4      | 2689 ||| DROPPING scroll of noise.
  2716 | D:5      | Entered Level 5 of the Dungeon
  2723 | D:5      | Reached skill level 1 in Armour
  2723 | D:5      | Reached XP level 7. HP: 33/40 MP: 9/9
  2760 | D:5      | Found a basalt altar of Yredelemnul.
  2777 | D:5      | Found Pib Buf's Jewellery Shoppe.
  2787 | D:5      | 2787 ||| SHOPLISTING amulet "Jidohoe" {Reflect Str+4 SH+5}
                  | (499 gold, have 224).
  2787 | D:5      | 2787 ||| SHOPLISTING amulet of faith (440 gold, have 224).
  2787 | D:5      | 2787 ||| SHOPLISTING amulet of the acrobat (330 gold, have
                  | 224).
  2787 | D:5      | 2787 ||| SHOPLISTING ring of Yvudont {rElec rPois rF-
                  | Will++ rCorr} (512 gold, have 224).
  2787 | D:5      | 2787 ||| SHOPLISTING ring of the Tortoise {AC+8} (1408
                  | gold, have 224).
  2939 | D:5      | Found a sacrificial altar of Ru.
  2965 | D:5      | Noticed Blork the orc
  2972 | D:5      | Killed Blork the orc
  3080 | D:5      | Found a white marble altar of Elyvilon.
  3166 | D:5      | Found a staircase to the Ecumenical Temple.
  3167 | D:5      | 3167 ||| PLANNING TEMPLE
  3167 | D:5      | 3167 ||| UPGRADING to +0 pair of boots.
  3181 | Temple   | Entered the Ecumenical Temple
  3182 | Temple   | 3182 ||| PLANNING OKAWARU WORSHIP
  3182 | Temple   | 3182 ||| READING 2 scrolls of identify.
  3182 | Temple   | 3182 ||| IDENTIFYING scroll labelled LIG PUSOUQA
  3183 | Temple   | 3183 ||| DROPPING scroll of poison.
  3192 | Temple   | Became a worshipper of Warmaster Okawaru
  3193 | Temple   | 3193 ||| PLANNING D:1-11
  3347 | D:5      | Found a sparkling altar of Nemelex Xobeh.
  3575 | D:5      | Reached skill level 11 in Ranged Weapons
  3662 | D:5      | 3662 ||| READING scroll of identify.
  3662 | D:5      | 3662 ||| IDENTIFYING fuming puce potion
  3663 | D:5      | 3663 ||| DROPPING potion of degeneration.
  3784 | D:6      | Reached XP level 8. HP: 36/44 MP: 10/10
  3790 | D:6      | HP: 8/44 [burnt (6)]
  3792 | D:6      | Incinerated by a bombardier beetle

Levels and vault maps discovered:
D:1:      scummos_arrival_hexagon, layout_loops_corners
D:2:      layout_loops_ring
D:3:      layout_rooms, lemuel_coloured_pillars_altar,
          mainiacjoe_overflow_concentric_impassable
D:4:      layout_basic
D:5:      layout_gridville, elyvilon_altar_3, nicolae_ru_sacrificial_ziggurat,
          mainiacjoe_overflow_surrounded_room, mainiacjoe_overflow_alcove_2,
          minmay_temple_entry_glass, serial_shops, shop, uniq_blork_the_orc
D:6:      layout_basic, fedhas_altar_fruit_tree, serial_shops,
          nicolae_diamond_shop, nicolae_shop_behind_doors, nicolae_diamond_shop,
          nicolae_shop_competitors_out_of_business, minivault_5, uniq_menkaure,
          uniq_jeremiah
Temple:   hellmonk_temple_two_chambers

Skill      XL: |  1  2  3  4  5  6  7 |
---------------+----------------------+-----
Ranged Weapons | 6 7 8 9 10 11 | 11.8
Dodging        | 3 4 |  4.2
Fighting       | 2 |  2.2
Armour         | 1 |  1.8
Stealth        | |  1.2

Action                     |  1- 3 |  4- 6 |  7- 9 || total
---------------------------+-------+-------+-------++-------
   Fire: Shortbow          |    78 |   158 |    84 ||   320
    Use: Scroll            |     5 |     5 |     2 ||    12
         Potion            |     1 |     1 |       ||     2
 Armour: Leather armour    |     8 |       |       ||     8
         Ring mail         |       |    18 |    15 ||    33
  Dodge: Dodged            |    17 |    35 |    25 ||    77

Table legend:
 A = Non-vault XP
 B = Vault XP
 C = Vault XP percentage of total XP
 D = Non-vault monster count
 E = Vault monster count
 F = Vault count percentage of total count
                 A         B        C        D         E       F
            +---------+---------+-------+---------+---------+-------
      Total |    1357 |      96 |   6.6 |      95 |       1 |   1.0
            +---------+---------+-------+---------+---------+-------
        D:1 |      25 |       0 |   0.0 |      14 |       0 |   0.0
        D:2 |      86 |       0 |   0.0 |      23 |       0 |   0.0
        D:3 |     119 |       0 |   0.0 |      20 |       0 |   0.0
        D:4 |     393 |       0 |   0.0 |      24 |       0 |   0.0
        D:5 |     491 |      96 |  16.4 |      10 |       1 |   9.1
        D:6 |     243 |       0 |   0.0 |       4 |       0 |   0.0
            +---------+---------+-------+---------+---------+-------
